 Dungeon Crawl Stone Soup version 0.30.1-4-g462c640d31 (webtiles) character file.

Game seed: 3128315765066243136

7924 Babbit the Geomancer (level 11, -11/57 HPs)
             Began as a Gargoyle Earth Elementalist on Aug 21, 2023.
             Was a Follower of Vehumet.
             Mangled by an orc warrior
             ... wielding a +0 war axe
              (24 damage)
             ... in a bailey.
             The game lasted 01:12:24 (9507 turns).

Babbit the Geomancer (Gargoyle Earth Elementalist)  Turns: 9507, Time: 01:12:26

Health: -11/57     AC: 15    Str: 13    XL:     11   Next: 22%
Magic:  14/25      EV: 12    Int: 19    God:    Vehumet [*.....]
Gold:   291        SH:  0    Dex: 10    Spells: 27/31 levels left

rFire   . . .        h - +2 flail (flame)
rCold   . . .        q - orb {light}
rNeg    + . .        a - +1 robe
rPois   ∞            (no helmet)
rElec   +            n - +2 cloak
rCorr   .            B - +0 pair of gloves
SInv    .            (no boots)
Will    .....        (no amulet)
Stlth   +            f - +4 ring of slaying
HPRegen 0.29/turn    i - ring of wizardry
MPRegen 0.19/turn

%: wizardry (x1)
@: brilliant, about to teleport, glowing
A: sickness immunity, AC +8, negative energy resistance 1, electricity
resistance, torment resistance 1, petrification resistance
a: Renounce Religion


You were in a bailey.
You worshipped Vehumet.
Vehumet was aware of your devotion.
You visited 2 branches of the dungeon, and saw 11 of its levels.
You also visited: Bailey.

You collected 436 gold pieces.
You spent 145 gold pieces at shops.

Inventory:

Hand Weapons
 h - a +2 flail of flaming (weapon)
 m - a +4 quarterstaff of chaos
 o - the +6 trident "Oxezem" {venom, rPois rN+ Dex-4 Stlth+}
   (You found it on level 2 of the Dungeon)

   Dex:       It affects your dexterity (-4).
   rPois:     It protects you from poison.
   rN:        It protects you from negative energy.
   Stlth:     It makes you more stealthy.
Missiles
 s - 2 boomerangs
Armour
 a - a +1 robe (worn)
 n - a +2 cloak (worn)
 q - an orb of light (worn)
 B - a +0 pair of gloves (worn)
Jewellery
 f - a +4 ring of slaying (left hand)
 i - a ring of wizardry (right hand)
Wands
 w - a wand of roots (19)
 A - a wand of flame (13)
Scrolls
 g - 3 scrolls of immolation
 j - a scroll of poison
 l - 2 scrolls of fear
 p - a scroll of brand weapon
 y - 3 scrolls of summoning
 z - 2 scrolls of enchant weapon {unknown}
 C - 2 scrolls of amnesia {unknown}
 D - a scroll of vulnerability {unknown}
 E - a scroll of teleportation
 G - a scroll of fog {unknown}
Potions
 b - a potion of invisibility {unknown}
 d - a potion of flight
 e - a potion of brilliance
 k - 4 potions of curing
 u - 3 potions of heal wounds
 v - a potion of cancellation
 x - 4 potions of lignification
 F - 3 potions of mutation {unknown}


   Skills:
 + Level 1.7 Fighting
 + Level 0.5 Staves
 + Level 4.0 Dodging
 + Level 3.4 Stealth
 + Level 0.2 Unarmed Combat
 + Level 10.9 Spellcasting
 + Level 2.7 Conjurations
 + Level 0.7 Transmutations
 + Level 13.3 Earth Magic


You had 27 spell levels left.
You knew the following spells:

 Your Spells              Type           Power      Damage    Failure   Level
a - Sandblast             Erth           100%       2d20      1%          1
b - Stone Arrow           Conj/Erth      100%       3d13      1%          3

Your spell library contained the following spells:

 Spells                   Type           Power      Damage    Failure   Level
 Kiss of Death            Conj/Necr      92%        2d12      1%          1
 Foxfire                  Conj/Fire      92%        2x1d8     1%          1
 Passwall                 Tmut/Erth      44%        N/A       1%          2
 Petrify                  Tmut/Erth      53%        N/A       1%          4
 Slow                     Hex            60%        N/A       2%          1
 Sting                    Tmut/Pois      68%        1d6       2%          1
 Poisonous Vapours        Pois/Air       30%        N/A       4%          2
 Dazzling Flash           Conj/Hex       46%        N/A       4%          3
 Confusing Touch          Hex            15%        N/A       9%          3
 Vampiric Draining        Necr           15%        2d7       9%          3
 Volatile Blastmotes      Fire/Tloc      30%        2d12      9%          3
 Iskenderun's Mystic Bla  Conj/Tloc      23%        2d6       16%         4
 Manifold Assault         Tloc           15%        N/A       26%         4
 Olgreb's Toxic Radiance  Pois           15%        N/A       26%         4
 Fireball                 Conj/Fire      11%        3d7       38%         5
 Starburst                Conj/Fire      11%        6d5       90%         6
 Dispersal                Tloc           7%         N/A       98%         6
 Plasma Beam              Fire/Air       7%         2x1d20    98%         6
 Disjunction              Tloc           7%         N/A       100%        8


Dungeon Overview and Level Annotations

Branches:
Dungeon (10/15)            Temple (1/1) D:6          Bailey (1/1)
   Lair: D:8-11         Orc: D:9-12

Altars:
Ashenzari
Cheibriados
Dithmenos
Elyvilon
Fedhas
Gozag
Hepliaklqana
Kikubaaqudgha
Makhleb
Nemelex Xobeh
Okawaru
Qazlal
Ru
Sif Muna
Trog
Uskayaw
Vehumet
Wu Jian
Xom
Yredelemnul
Zin
The Shining One

Shops:
D:3 =   D:4 !   D:6 *   D:7 ?(**!


Innate Abilities, Weirdness & Mutations

You are immune to sickness and miasma.
Your stone body is resilient. (AC +8)
You are immune to poison.
You resist negative energy. (rN+)
You are resistant to electric shocks. (rElec)
You are resistant to unholy torment.
You are immune to petrification.


Message History

Aiming: Sandblast (safe; 1% risk of failure)
Press: ? - help, Q - select action, (/) - cycle Shift-Dir - straight line, f - goblin
Aim: a goblin, wielding a +0 hand axe and wearing a +0 leather armour (haloed, 85% to hit)
Okay, then.
Things that are here:
a +0 hand axe; a +0 leather armour The goblin attacks as you move away!
The goblin closely misses you.
You closely miss the orc warrior. The goblin closely misses you.
The orc warrior hits you with a +0 war axe.
As you read the scroll of fear, it crumbles to dust.
You assume a fearsome visage.
The goblin looks frightened!
The orc warrior looks frightened!
The goblin looks frightened!
The orc knight easily resists.
The orc warrior looks scared stiff.
Aiming: Sandblast (safe; 1% risk of failure)
Press: ? - help, Q - select action, (/) - cycle Shift-Dir - straight line, f - orc warrior
Aim: an orc warrior, wielding a +0 war axe and wearing a +0 chain mail (fleeing, haloed, 87% to hit)
You feel a surge of power!
The blast of sand hits the orc warrior!!
The orc warrior is almost dead.
Your attack snaps the orc warrior out of its fear.
Aiming: Sandblast (safe; 1% risk of failure)
Press: ? - help, Q - select action, (/) - cycle Shift-Dir - straight line, f/p - orc warrior
Aim: an orc warrior, wielding a +0 war axe and wearing a +0 chain mail (almost dead, haloed, 87% to hit)
You feel a surge of power!
The blast of sand hits the orc warrior but does no damage.
The orc warrior is almost dead.
The orc knight hits you but does no damage.
The orc warrior hits you but does no damage.
The orc warrior closely misses you.
The orc knight hits you with a +0 war axe!
* * * LOW HITPOINT WARNING * * *
As you read the scroll of teleportation, it crumbles to dust.
You feel strangely unstable.
The orc warlord roars a battlecry!
The orc warrior goes into a battle-frenzy!
The orc knight hits you with a +0 war axe.
* * * LOW HITPOINT WARNING * * *
The orc warrior hits you with a +0 war axe!!
You die...

####### ##..∩..## #.......#
##.(.....## #.........#
##.........##
#######.....⌠.....#######
##.....##.........##.....#
#.....).o@o)...g))'.......
##.....))##.).....##)......
#.........#......g#........
##.....o...##88.88##........
#.....⌠.....###)###.....⌠...
##.........## ...###........
#.........# .....o#........
##.......##.......##.......
#.......#.........#)...)..


You could see an orc warlord, an orc knight, an orc warrior (strong), an orc
(wandering, strong) and 2 goblins.

Vanquished Creatures
  A two-headed ogre (D:9)
  Amaemon (D:8)
  An orc knight (Bailey)
  An orange demon (D:8)
  A rime drake (D:10)
  Prince Ribbit (D:5)
  Sigmund (D:5)
  A shadow (D:10)
  3 yaks
  A wyvern (D:7)
  4 vampire mosquitoes (D:6)
  A steam dragon (D:7)
  3 water moccasins
  An acid dragon (D:8)
  10 orc warriors
  A sky beast (D:7)
  An ice beast (D:10)
  2 ogres
  2 centaurs
  A wolf (D:10)
  2 phantoms (D:5)
  2 bullfrogs
  An elf zombie (D:8)
  3 gnoll sergeants
  5 scorpions
  4 wights (D:6)
  5 killer bees (D:8)
  2 howler monkeys
  Crazy Yiuf (D:2)
  2 orc priests (D:7)
  A hound (D:5)
  A sleepcap (D:7)
  2 human skeletons (D:8)
  3 iguanas
  4 orc wizards
  24 gnolls
  7 adders
  3 ufetubi
  4 worms
  A dart slug (D:1)
  24 orcs
  9 ball pythons
  6 endoplasms
  2 giant cockroaches
  17 goblins
  17 hobgoblins
  4 quokkas
  3 bats
  8 frilled lizards
  4 kobolds
  3 orc zombies (D:8)
  4 rats
216 creatures vanquished.

Notes
Turn   | Place    | Note
-------+----------+-------------------------------------------
     0 | D:1      | Babbit the Gargoyle Earth Elementalist began the quest for
                  | the Orb.
     0 | D:1      | Reached XP level 1. HP: 10/10 MP: 3/3
   179 | D:1      | Reached skill level 4 in Earth Magic
   179 | D:1      | Reached XP level 2. HP: 15/15 MP: 3/5
   499 | D:1      | Reached XP level 3. HP: 19/19 MP: 3/6
  1250 | D:2      | Reached XP level 4. HP: 14/24 MP: 3/8
  1457 | D:2      | Reached skill level 5 in Earth Magic
  1623 | D:2      | Found a runed translucent door.
  1624 | D:2      | Noticed Crazy Yiuf
  1632 | D:2      | Killed Crazy Yiuf
  1633 | D:2      | Reached XP level 5. HP: 20/28 MP: 3/9
  1788 | D:2      | Learned a level 3 spell: Stone Arrow
  1879 | D:2      | Identified the +6 trident "Oxezem" {venom, rPois rN+ Dex-4
                  | Stlth+}
  3005 | D:3      | Found Foimanic's Jewellery Shop.
  3163 | D:3      | Reached skill level 6 in Earth Magic
  3163 | D:3      | Reached XP level 6. HP: 33/33 MP: 6/11
  3267 | D:4      | Found Hicod's Distillery.
  3276 | D:4      | Bought a potion of heal wounds for 70 gold pieces
  3317 | D:4      | Noticed a water moccasin
  3347 | D:4      | Killed a water moccasin
  3487 | D:4      | You fall into a shaft and drop 1 floor!
  3487 | D:5      | Entered Level 5 of the Dungeon
  3635 | D:5      | Reached skill level 7 in Earth Magic
  3635 | D:5      | Reached XP level 7. HP: 37/37 MP: 8/13
  3985 | D:5      | Noticed Prince Ribbit
  3989 | D:5      | Killed Prince Ribbit
  3990 | D:5      | Reached skill level 1 in Fighting
  3990 | D:5      | Reached skill level 5 in Spellcasting
  4105 | D:5      | Reached skill level 8 in Earth Magic
  4105 | D:5      | Reached XP level 8. HP: 43/43 MP: 11/16
  4205 | D:5      | Noticed Sigmund
  4209 | D:5      | Killed Sigmund
  4365 | D:5      | Reached skill level 9 in Earth Magic
  4628 | D:6      | Found a shimmering altar of Xom.
  5035 | D:6      | Reached XP level 9. HP: 47/47 MP: 14/19
  5205 | D:6      | Reached skill level 10 in Earth Magic
  5486 | D:6      | Found a staircase to the Ecumenical Temple.
  5505 | D:6      | Reached skill level 1 in Conjurations
  5614 | Temple   | Entered the Ecumenical Temple
  5614 | Temple   | Found a transporter.
  5614 | Temple   | Found a transporter.
  5616 | Temple   | Found a transporter.
  5616 | Temple   | Found a transporter.
  5748 | D:6      | Found Cocah's Assorted Antiques.
  6055 | D:7      | Found Qogar's Distillery.
  6134 | D:7      | Found Kuusat's General Store.
  6166 | D:7      | Reached skill level 11 in Earth Magic
  6344 | D:7      | Found Puemelad's Weapon Shop.
  6469 | D:7      | Found Weacugoa's Magic Scroll Boutique.
  6512 | D:7      | Bought a scroll of identify for 30 gold pieces
  6512 | D:7      | Bought a scroll of teleportation for 45 gold pieces
  6655 | D:7      | Found Awkiemuc's General Store.
  6787 | D:7      | Reached XP level 10. HP: 52/52 MP: 18/22
  7400 | D:8      | Noticed Amaemon
  7400 | D:8      | Noticed an orange demon
  7436 | D:8      | Killed Amaemon
  7438 | D:8      | Killed an orange demon
  7612 | D:8      | Reached skill level 12 in Earth Magic
  7784 | D:8      | Found a radiant altar of Vehumet.
  7788 | D:8      | Became a worshipper of Vehumet
  7794 | D:8      | Found a stormy altar of Qazlal.
  8467 | D:9      | Noticed a two-headed ogre
  8475 | D:9      | Killed a two-headed ogre
  8476 | D:9      | Reached skill level 10 in Spellcasting
  8568 | D:9      | Noticed a two-headed ogre
  8617 | D:10     | Entered Level 10 of the Dungeon
  8838 | D:10     | Reached XP level 11. HP: 45/57 MP: 21/25
  8881 | D:10     | Found a flagged portal.
  8897 | Bailey   | Entered a bailey
  8977 | Bailey   | Reached skill level 13 in Earth Magic
  9065 | Bailey   | Noticed an orc knight
  9073 | Bailey   | Reached * piety under Vehumet
  9073 | Bailey   | Offered knowledge of Kiss of Death by Vehumet.
  9076 | Bailey   | Killed an orc knight
  9470 | Bailey   | Noticed an orc warlord
  9495 | Bailey   | Noticed an orc knight
  9507 | Bailey   | Mangled by an orc warrior

Illustrated notes

Levels and vault maps discovered:
D:1:      dpeg_arrival_three_same_balls, layout_loops_corners
D:2:      layout_loops_corners, nicolae_elevator_lobby_plus,
          uniq_crazy_yiuf_cottage
D:3:      layout_rooms, serial_shops, shop, cheibrodos_sewer_entry_bend
D:4:      layout_loops_ring, serial_shops, shop, fountainhead,
          minmay_shop_damaged, uniq_blork_the_orc
D:5:      layout_basic, uniq_prince_ribbit1, uniq_sigmund
D:6:      layout_loops_cross, xom_teletrap_fun, temple_fountains, serial_shops,
          shop
D:7:      layout_cave_pods, serial_shops, nicolae_square_shop,
          nicolae_shop_statue_plus, shop, shop, shop
D:8:      layout_loops_ring, nicolae_vehumet_radiance,
          mainiacjoe_overflow_tiny_flanked, nicolae_ossuary_entry_catacombs,
          grunt_ministairs_9, uniq_amaemon
D:9:      layout_stronghold
D:10:     layout_roguey, hellmonk_lair_entry_icy, enter_bailey_6
Temple:   hellmonk_temple_divided_pantheon
Bailey:   bailey_axe_minmay_hex_keep, bailey

Skill      XL: |  1  2  3  4  5  6  7  8  9 10 11 |
---------------+----------------------------------+-----
Earth Magic    | 4 5 6 7 8 9 11 12 13 | 13.3
Spellcasting   | 3 4 5 6 8 10 | 10.9
Dodging        | 2 3 4 |  4.0
Fighting       | 1 |  1.7
Stealth        | 3 |  3.4
Conjurations   | 1 2 |  2.7
Staves         | |  0.5
Unarmed Combat | |  0.2
Transmutations | |  0.7

Action                     |  1- 3 |  4- 6 |  7- 9 | 10-12 || total
---------------------------+-------+-------+-------+-------++-------
  Melee: Unarmed           |     3 |       |       |       ||     3
         Flail             |     3 |       |       |     2 ||     5
         Quarterstaff      |       |       |     6 |       ||     6
   Cast: Sandblast         |    43 |    87 |   111 |   111 ||   352
         Stone Arrow       |       |       |    22 |    46 ||    68
    Use: Potion            |     1 |       |       |     2 ||     3
         Scroll            |       |     9 |     9 |     6 ||    24
 Armour: Robe              |     4 |    13 |    28 |    43 ||    88
  Dodge: Dodged            |    15 |    18 |    43 |    51 ||   127
